 Dungeon Crawl Stone Soup version 0.30-a0-596-g0af90f9a20 (webtiles) character file.

Game seed: 7389357451361738156

296 Newt the Cutter (level 6, -7/44 HPs)
             Began as a Demonspawn Gladiator on Jan 6, 2023.
             Was a Believer of Wu Jian.
             Killed from afar by Edmund (17 damage)
             ... with a bolt of dispelling energy
             ... on level 4 of the Dungeon.
             The game lasted 00:02:41 (3009 turns).

Newt the Cutter (Demonspawn Gladiator)              Turns: 3009, Time: 00:02:42

Health: -7/44      AC:  7    Str: 16    XL:     6   Next: 12%
Magic:  6/6        EV: 12    Int: 10    God:    Wu Jian [**....]
Gold:   139        SH:  4    Dex: 14    Spells: 5/5 levels left

rFire   . . .      SeeInvis .    l - +2 dagger (drain)
rCold   . . .      Faith    .    (no shield)
rNeg    . . .      Spirit   .    b - +0 leather armour
rPois   .          Reflect  .    c - +0 helmet
rElec   .          Harm     .    p - +0 cloak
rCorr   .          Rampage  .    (no gloves)
Will    .....                    (no boots)
Stlth   ++                       (no amulet)
HPRegen 0.27/turn                (no ring)
MPRegen 0.10/turn                (no ring)

@: no status effects
A: yellow scales 1, condensation shield, demonic magic 1
a: Renounce Religion, Wall Jump


You were on level 4 of the Dungeon.
You worshipped Wu Jian.
Wu Jian was pleased with you.
You visited 1 branch of the dungeon, and saw 4 of its levels.

You collected 139 gold pieces.

Inventory:

Hand Weapons
 a - a +0 rapier
 l - a +2 dagger of draining (weapon)
Missiles
 e - 6 javelins (quivered)
 i - 6 poisoned darts
Armour
 b - a +0 leather armour (worn)
 c - a +0 helmet (worn)
 p - a +0 cloak (worn)
Jewellery
 o - a +6 ring of dexterity
Scrolls
 q - 2 scrolls of teleportation
 r - a scroll of poison {unknown}
Potions
 f - a potion of brilliance
 g - 2 potions of curing {unknown}
 h - 2 potions of flight {unknown}
 j - a potion of might {unknown}
 k - a potion of cancellation {unknown}
 m - a potion of berserk rage {unknown}
 n - a potion of invisibility {unknown}


   Skills:
 - Level 2.0 Fighting
 + Level 5.5 Short Blades
 - Level 1.7 Throwing
 - Level 2.6 Dodging
 - Level 3.0 Stealth


You had 5 spell levels left.
You didn't know any spells.
Your spell library was empty.

Dungeon Overview and Level Annotations

Branches:
Dungeon (3/15)

Altars:
Vehumet
Wu Jian

Shops:
D:2 =

Annotations:
D:4 Edmund


Innate Abilities, Weirdness & Mutations

You are partially covered in yellow scales. (AC +2)
A meltable shield of frost defends you. (SH +4)
Spells you cast may paralyse adjacent enemies.


Message History

The kobold shouts!
Your surroundings suddenly seem different.
Found 2 gold pieces, a scroll of identify and a scroll labelled NILUNE WYIR.
No target in view!
No target in view!
No target in view!
No target in view!
No target in view!
No target in view!
No target in view!
No target in view!
You now have 139 gold pieces (gained 2).
r - a scroll labelled NILUNE WYIR Edmund the Younger comes into view.
He is wielding a +4 flail of holy wrath and carrying a wand of quicksilver (6).
Edmund shouts!
You see here a scroll of identify.
Edmund is nearby!
Edmund hits you with a +4 flail of holy wrath!
You convulse.
Edmund attacks as you move away!
Edmund hits you with a +4 flail of holy wrath!
You convulse!
* * * LOW HITPOINT WARNING * * *
Throw: 2 throwing nets
Press: ? - help, Shift-Dir - straight line, f - Edmund
Aim: Edmund, wielding a +4 flail of holy wrath, wearing a +0 leather armour and carrying a wand of quicksilver (6) (59% to hit)
You throw a throwing net. The throwing net barely misses Edmund.
You block Edmund's attack.
Throw: throwing net
Press: ? - help, Shift-Dir - straight line, f/p - Edmund
Aim: Edmund, wielding a +4 flail of holy wrath, wearing a +0 leather armour and carrying a wand of quicksilver (6) (59% to hit)
You throw a throwing net. The throwing net hits Edmund.
Edmund is caught in the net!
Edmund struggles against the net.
You hit Edmund but do no damage.
Edmund struggles against the net.
You strike the helpless Edmund from behind!
You impale Edmund!! You drain Edmund!
Edmund is severely wounded.
Edmund zaps a wand.
The bolt of dispelling energy hits you!
You die...

###.....
........ #
#....... .#
#...... ..
####....##.#.#.
...............
###########....#
.........##....#
#(...@@.?....#
#............#
...............#
###............#
...............#
####.#.#....##.#
#.#.#....##... .
#.#....##.#. ##
#.#.......#


You could see Edmund (caught, drained).

Vanquished Creatures
  Sigmund (D:2)
  7 adders
  2 dart slugs
  6 ball pythons
  3 bats
  5 endoplasms
  6 giant cockroaches
  3 goblins
  5 hobgoblins
  4 jackals (D:3)
  5 kobolds
  4 quokkas
  3 frilled lizards
  4 rats
58 creatures vanquished.

Notes
Turn   | Place    | Note
-------+----------+-------------------------------------------
     0 | D:1      | Newt the Demonspawn Gladiator began the quest for the Orb.
     0 | D:1      | Reached XP level 1. HP: 16/16 MP: 1/1
   100 | D:1      | Reached skill level 1 in Stealth
   198 | D:1      | Found a faded altar of an unknown god.
   213 | D:1      | Prayed at the altar of an unknown god.
   213 | D:1      | Became a worshipper of the Wu Jian Council
   213 | D:1      | Reached * piety under Wu Jian
   230 | D:1      | Gained mutation: Spells you cast may paralyse adjacent
                  | enemies. [demonic ancestry]
   230 | D:1      | Reached XP level 2. HP: 22/22 MP: 2/2
   719 | D:2      | Noticed Sigmund
  1296 | D:2      | Killed Sigmund
  1297 | D:2      | Reached skill level 4 in Short Blades
  1297 | D:2      | Reached XP level 3. HP: 12/27 MP: 3/3
  1297 | D:2      | Reached XP level 4. HP: 15/33 MP: 4/4
  1297 | D:2      | Gained mutation: You are partially covered in yellow
                  | scales. (AC +2) [demonic ancestry]
  1297 | D:2      | Reached XP level 5. HP: 17/38 MP: 5/5
  1385 | D:2      | Found a radiant altar of Vehumet.
  1427 | D:2      | Reached skill level 5 in Short Blades
  2238 | D:2      | Found Idomp's Jewellery Shoppe.
  2656 | D:3      | Gained mutation: A meltable shield of frost defends you.
                  | (SH +4) [demonic ancestry]
  2656 | D:3      | Reached XP level 6. HP: 44/44 MP: 6/6
  2854 | D:3      | Reached ** piety under Wu Jian
  2870 | D:3      | You fall into a shaft and drop 1 floor!
  3001 | D:4      | Noticed Edmund
  3009 | D:4      | Killed from afar by Edmund

Illustrated notes

Levels and vault maps discovered:
D:1:      dpeg_arrival_arbitrary_c, layout_loops_ring,
          nicolae_ecumenical_snake_handling
D:2:      layout_basic, serial_shops, nicolae_shop_trees, basic_altar,
          uniq_sigmund
D:3:      layout_basic, minmay_misc_feat_chi
D:4:      layout_basic, uniq_edmund

Skill      XL: |  1  2  3  4  5 |
---------------+----------------+-----
Stealth        | 1 3 |  3.0
Short Blades   | 4 5 |  5.5
Fighting       | |  2.0
Throwing       | |  1.7
Dodging        | |  2.6

Action                   |  1- 3 |  4- 6 || total
-------------------------+-------+-------++-------
Melee: Rapier            |    36 |       ||    36
       Dagger            |    29 |    90 ||   119
       Punch             |     1 |     1 ||     2
Throw: Throwing net      |     1 |     2 ||     3
Invok: Lunge             |     3 |     8 ||    11
       Whirlwind         |     5 |     6 ||    11
  Use: Scroll            |       |     4 ||     4
 Stab: Sleeping          |     1 |    12 ||    13
       Held in net/web   |       |     1 ||     1
Armor: Leather armour    |    11 |    15 ||    26
Dodge: Dodged            |    34 |    40 ||    74
Block: Other             |       |     1 ||     1

Table legend: (Time is in decaauts)
 A = Elapsed time spent in this place.
 B = Non-inter-level travel time spent in this place.
 C = Inter-level travel time spent in this place.
 D = Time resting spent in this place.
 E = Time spent auto-exploring this place.
 F = Levels seen in this place.
 G = Mean time per level.
                   A        B        C        D        E       F      G
               +--------+--------+--------+--------+--------+-----+--------+
         Total |   2987 |   2948 |     39 |    577 |   1982 |   4 |  746.8 |
       Dungeon |   2987 |   2948 |     39 |    577 |   1982 |   4 |  746.8 |
               +--------+--------+--------+--------+--------+-----+--------+

Top non-repeatable levels by time:
     D:1: 1260 daAuts
     D:2: 1188 daAuts
     D:3: 401 daAuts
     D:4: 137 daAuts
